 Dungeon Crawl Stone Soup version 0.21.1-1-g345015f (webtiles) character file.

5843 diana the Cruncher (level 10, -3/88 HPs)
             Began as a Demonspawn Gladiator on June 23, 2018.
             Was an Initiate of Gozag.
             Killed from afar by a hell hound (28 damage)
             ... with a blast of flame
             ... on level 9 of the Dungeon.
             The game lasted 00:25:50 (9860 turns).

diana the Cruncher (Demonspawn Gladiator)           Turns: 9860, Time: 00:25:52

Health: -3/88      AC:  9    Str: 17    XL:     10   Next: 51%
Magic:  11/11      EV: 12    Int: 11    God:    Gozag
Gold:   801        SH:  4    Dex: 14    Spells: 4/9 levels left

rFire    x . .     SeeInvis .   a - +0 quarterstaff
rCold    . . .     Gourm    .   (shield currently unavailable)
rNeg     . . .     Faith    .   c - +2 robe of Indemnity {rC- MR++ rCorr Slay+3}
rPois    .         Spirit   .   G - +2 helmet "Udoam" {+Fly rCorr MP-9}
rElec    .         Reflect  +   (no cloak)
rCorr    +         Harm     .   (no gloves)
MR       ++...                  (no boots)
Stlth    +.........             J - +4 amulet of reflection
HPRegen  0.24/turn              g - ring of magical power
MPRegen  0.12/turn              F - ring of ice

@: very slightly contaminated, heavily drained
A: iridescent scales 1, demonic guardian 1, high mp 1, sense surroundings 1,
powered by death 1, robust 1
a: Potion Petition, Call Merchant, Bribe Branch, Renounce Religion, Evoke Flight


You were on level 9 of the Dungeon.
You worshipped Gozag.
Gozag was pleased with you.
You were hungry.

You visited 1 branch of the dungeon, and saw 10 of its levels.

You collected 1274 gold pieces.
You spent 407 gold pieces at shops.
You paid 66 gold pieces to Gozag.

Inventory:

Hand Weapons
 a - a +0 quarterstaff (weapon)
Missiles
 d - 2 throwing nets (quivered)
 q - 4 javelins
Armour
 c - the +2 robe of Indemnity (worn) {rC- MR++ rCorr Slay+3}
   (You found it on level 8 of the Dungeon)

   It affects your accuracy and damage with ranged weapons and melee attacks
   (+3).
   It makes you vulnerable to cold.
   It affects your resistance to hostile enchantments.
   It protects you from acid and corrosion.
 e - the +1 scale mail "Vemu" {Str+5}
   (You bought it in a shop on level 5 of the Dungeon)

   It affects your strength (+5).
 G - the +2 helmet "Udoam" (worn) {+Fly rCorr MP-9}
   (You bought it in a shop on level 5 of the Dungeon)

   It affects your magic capacity (-9).
   It lets you fly.
   It protects you from acid and corrosion.
Jewellery
 b - an uncursed ring of resist corrosion
 g - a ring of magical power (left hand)
 B - an uncursed amulet of magic regeneration
 F - a ring of ice (right hand)
 J - a +4 amulet of reflection (around neck)
Wands
 p - a wand of flame (41)
 v - a wand of random effects (26)
 y - a wand of iceblast (6)
Scrolls
 h - a scroll of amnesia
 j - 2 scrolls of blinking
 k - 2 scrolls of remove curse
 m - a scroll of immolation
 n - 5 scrolls of enchant armour
 s - 5 scrolls of fear
 t - a scroll of magic mapping {unknown}
 u - a scroll of enchant weapon {unknown}
 w - 2 scrolls of teleportation {unknown}
 A - 2 scrolls of random uselessness {unknown}
 E - a scroll of brand weapon {unknown}
Potions
 i - 3 potions of brilliance
 l - 2 potions of mutation
 o - 2 potions of invisibility
 r - a potion of lignification
 z - a potion of magic
 C - 3 potions of heal wounds
 D - 2 potions of curing
 H - a potion of resistance
 I - a potion of ambrosia {unknown}
Comestibles
 f - 16 rations


   Skills:
 + Level 8.3(7.0) Fighting
 - Level 10.4(9.0) Staves
 - Level 1.7(0.6) Throwing
 + Level 7.2(5.9) Armour
 + Level 3.3(2.1) Dodging


You had 4 spell levels left.
You knew the following spells:

 Your Spells              Type           Power        Failure   Level  Hunger
a - Confuse               Hex            #.......     71%         3    ####...
b - Animate Skeleton      Necr           N/A          34%         1    ##.....
c - Summon Small Mammal   Summ           #...         34%         1    ##.....


Dungeon Overview and Level Annotations

Branches:
Dungeon (10/15)            Temple (0/1) D:7            Lair (0/6) D:9
    Orc (0/2) D:10

Altars:
Ashenzari
Fedhas
Gozag
Makhleb
Ru
Trog

Shops:
D:5 [   D:10 :

Annotations:
D:9 Hebeh's ghost, novice MiFi
D:10 Josephine


Innate Abilities, Weirdness & Mutations

You are partially covered in iridescent scales. (AC +2)
A weak demonic guardian rushes to your aid.
You regenerate a little health from kills.
You have an increased reservoir of magic. (+10% MP)
You passively map a small area around you.
You are robust. (+10% HP)


Message History

Blink to where?
Press: ? - help, Dir - move target cursor You are very lightly contaminated with residual magic.
As you read the scroll of blinking, it crumbles to dust.
There is a stone staircase leading up here.
You climb upwards.
Level annotation: Hebeh's ghost, novice MiFi
There is a stone staircase leading down here.
You start resting.
The hell hound barks!
Throwing (i - inventory. (,) - cycle):
d - 3 throwing nets (quivered)
Press: ? - help, Shift-Dir - straight line, f - hell hound
Aim: a hell hound You throw a throwing net.
The throwing net hits the hell hound.
The hell hound is caught in the net!
The hell hound struggles against the net.
The hell hound breathes flames at you. The blast of flame hits you!
The fire burns you terribly!
You die...
Your body crumbles into a pile of gold.

...........,* #. ...##
............. .#....#
..............##..#..##########
,..............##.##......##...#
, .............?.....#.#...5W
...........##.##.........###
**##..........#..#...........#
*#..........##.#(.....#...#.# ,
#..........@...(......###.#,
#..[................### .. *
##.......>5..........# ##.
#...........h#.###...# .
*#.............# #.### *
##...<......##....# *
#................####
......####[...#### , ,......
......#


You could see a hell hound (caught) and a friendly shadow imp.

Vanquished Creatures
  A two-headed ogre (D:8)
  The ghost of Unprinted the Spear-Bearer, a novice MiMo of Dithmenos (D:7)
  A hippogriff (D:8)
  Grinder (D:3)
  A wraith (D:10)
  A water moccasin (D:8)
  5 orc warriors
  2 black bears
  3 ice beasts
  A necrophage (D:8)
  3 phantoms
  4 ogres
  3 centaurs
  3 bullfrogs
  2 big kobolds
  Blork the orc (D:4)
  A wyvern skeleton (D:10)
  A scorpion (D:7)
  3 wights (D:8)
  3 howler monkeys (D:7)
  A crimson imp (D:8)
  2 bullfrog skeletons
  A centaur zombie (D:8)
  3 jellies
  4 orc priests
  Crazy Yiuf (D:4)
  2 hounds
  5 orc wizards
  2 centaur skeletons (D:8)
  Jessica (D:3)
  Ijyb (D:4)
  An iguana (D:7)
  6 worker ants
  Robin (D:4)
  A howler monkey skeleton (D:7)
  6 adders
  2 shadow imps (D:6)
  An ooze (D:2)
  2 worms
  2 dart slugs
  8 leopard geckos
  26 orcs
  8 giant cockroaches
  17 goblins
  13 hobgoblins
  6 jackals
  15 kobolds
  4 quokkas
  A ball python (D:1)
  4 bats (D:1)
  3 frilled lizards
  A leopard gecko skeleton (D:2)
  3 quokka skeletons
  16 rats
  A fungus (D:4)
  A plant (D:6)
213 creatures vanquished.

Vanquished Creatures (collateral kills)
  A two-headed ogre (D:10)
  An ogre (D:7)
  An orc (D:10)
3 creatures vanquished.

Grand Total: 216 creatures vanquished

Notes
Turn   | Place    | Note
-------+----------+-------------------------------------------
     0 | D:1      | diana the Demonspawn Gladiator began the quest for the Orb.
     0 | D:1      | Reached XP level 1. HP: 16/16 MP: 1/1
    40 | D:1      | Reached skill level 3 in Staves
    53 | D:1      | Gained mutation: You regenerate a little health from kills. [demonic ancestry]
    53 | D:1      | Reached XP level 2. HP: 9/22 MP: 2/2
   321 | D:1      | Reached XP level 3. HP: 27/28 MP: 3/3
   352 | D:1      | Reached skill level 1 in Armour
   526 | D:2      | Found a shattered altar of Ashenzari.
  1329 | D:3      | Gained mutation: You are partially covered in iridescent scales. (AC +2) [demonic ancestry]
  1329 | D:3      | Reached XP level 4. HP: 34/34 MP: 4/4
  1400 | D:3      | Noticed Jessica
  1410 | D:3      | Killed Jessica
  1657 | D:3      | Reached skill level 4 in Staves
  1788 | D:3      | Noticed Grinder
  1796 | D:3      | Paralysed by Grinder for 3 turns
  1801 | D:3      | Killed Grinder
  1801 | D:3      | Reached XP level 5. HP: 19/41 MP: 5/5
  1801 | D:3      | Reached XP level 6. HP: 22/47 MP: 6/6
  1973 | D:2      | Found a blossoming altar of Fedhas.
  2063 | D:4      | Noticed Robin
  2067 | D:4      | Killed Robin
  2083 | D:4      | Found a bloodstained altar of Trog.
  2143 | D:4      | Noticed Ijyb
  2147 | D:4      | Reached skill level 5 in Staves
  2155 | D:4      | Killed Ijyb
  2268 | D:4      | Found a burning altar of Makhleb.
  2332 | D:4      | Noticed Blork the orc
  2342 | D:4      | Killed Blork the orc
  3084 | D:4      | Found a runed door.
  3089 | D:4      | Gained mutation: You have an increased reservoir of magic. (+10% MP) [potion of mutation]
  3089 | D:4      | Gained mutation: You passively map a small area around you. [potion of mutation]
  3089 | D:4      | Gained mutation: You are robust. (+10% HP) [potion of mutation]
  3090 | D:4      | Noticed Crazy Yiuf
  3104 | D:4      | Killed Crazy Yiuf
  3365 | D:5      | Entered Level 5 of the Dungeon
  3376 | D:5      | Reached XP level 7. HP: 59/59 MP: 7/7
  3386 | D:5      | Found an opulent altar of Gozag.
  3441 | D:5      | Became a worshipper of Gozag Ym Sagoz the Greedy
  3550 | D:5      | Found Apsucick's Antique Armour Shoppe.
  4179 | D:6      | Reached skill level 6 in Staves
  4272 | D:5      | Bought a jewelled helmet for 209 gold pieces
  4282 | D:5      | Identified the +2 helmet "Udoam" {+Fly rCorr MP-9} (You bought it in a shop on level 5 of the Dungeon)
  5108 | D:6      | Reached skill level 5 in Fighting
  5108 | D:6      | Reached XP level 8. HP: 63/68 MP: 0/8
  5368 | D:5      | Bought a jewelled scale mail for 198 gold pieces
  5378 | D:5      | Identified the cursed +1 scale mail "Vemu" {Str+5} (You bought it in a shop on level 5 of the Dungeon)
  5494 | D:7      | Found a staircase to the Ecumenical Temple.
  5549 | D:7      | Reached skill level 7 in Staves
  5805 | D:7      | Noticed Unprinted's ghost (novice MiMo)
  6036 | D:7      | Killed Unprinted's ghost
  6036 | D:7      | Reached skill level 8 in Staves
  6036 | D:7      | Reached skill level 5 in Armour
  6036 | D:7      | Gained mutation: A weak demonic guardian rushes to your aid. [demonic ancestry]
  6036 | D:7      | Reached XP level 9. HP: 19/77 MP: 0/9
  6413 | D:7      | Found a sacrificial altar of Ru.
  6758 | D:7      | Learned a level 3 spell: Confuse
  6954 | D:8      | Learned a level 1 spell: Animate Skeleton
  6956 | D:8      | Learned a level 1 spell: Summon Small Mammal
  6977 | D:8      | Got a crude robe
  6989 | D:8      | Identified the +2 robe of Indemnity {rC- MR++ rCorr Slay+3} (You found it on level 8 of the Dungeon)
  7102 | D:8      | Reached skill level 9 in Staves
  7303 | D:8      | Noticed a two-headed ogre
  7577 | D:8      | Killed a two-headed ogre
  7753 | D:9      | Found a staircase to the Lair.
  7773 | D:9      | Noticed Hebeh's ghost (novice MiFi)
  7826 | D:8      | Reached XP level 10. HP: 77/86 MP: 11/11
  7861 | D:8      | Reached skill level 10 in Staves
  7955 | D:10     | Entered Level 10 of the Dungeon
  8148 | D:10     | Noticed a two-headed ogre
  8160 | D:10     | Killed a two-headed ogre
  8477 | D:10     | Found a staircase to the Orcish Mines.
  8598 | D:10     | Found Hamuwob's Book Shoppe.
  9828 | D:10     | Noticed Josephine
  9860 | D:9      | Killed from afar by a hell hound

Skill      XL: |  1  2  3  4  5  6  7  8  9 10 |
---------------+-------------------------------+-----
Staves         | 3 4 5 6 8 9 10 | 10.4
Armour         | 1 2 3 4 5 6 7 |  7.2
Fighting       | 3 4 5 6 7 8 |  8.3
Dodging        | 3 |  3.3
Throwing       | |  1.7

Action                   |  1- 3 |  4- 6 |  7- 9 | 10-12 || total
-------------------------+-------+-------+-------+-------++-------
Melee: Quarterstaff      |   147 |   179 |   402 |   165 ||   893
Throw: Throwing net      |       |     1 |     2 |     3 ||     6
       Javelin           |       |       |    10 |       ||    10
 Abil: Evoke Flight      |       |       |       |     1 ||     1
  Use: Potion            |       |     3 |     6 |     1 ||    10
       Scroll            |       |       |     6 |     8 ||    14
 Stab: Distracted        |     1 |     1 |     2 |     2 ||     6
       Sleeping          |     1 |     1 |     1 |     3 ||     6
       Invisible         |       |       |     3 |       ||     3
       Held in net/web   |       |       |     1 |       ||     1
  Eat: Chunk             |     2 |     6 |       |       ||     8
       Ration            |       |       |     4 |     2 ||     6
Armor: Leather armour    |    46 |    67 |    31 |       ||   144
       Skin              |       |       |    13 |       ||    13
       Scale mail        |       |       |    57 |       ||    57
       Robe              |       |       |    28 |    42 ||    70
Dodge: Dodged            |   118 |   141 |   214 |    68 ||   541
Block: Other             |       |       |    13 |    20 ||    33
       Reflection        |       |       |     1 |       ||     1
